 Dungeon Crawl Stone Soup version 0.21.1 (webtiles) character file.

119 Santangelo the Sneak (level 4, 0/23 HPs)
             Began as a Spriggan Assassin on Feb 2, 2018.
             Was an Initiate of Wu Jian.
             Slain by an adder (4 damage)
             ... in a sewer.
             The game lasted 00:20:43 (2492 turns).

Santangelo the Sneak (Spriggan Assassin)            Turns: 2492, Time: 00:20:44

Health: 0/23       AC:  3    Str:  7    XL:     4   Next: 73%
Magic:  5/5        EV: 18    Int: 12    God:    Wu Jian [......]
Gold:   71         SH:  0    Dex: 18    Spells: 3/3 levels left

rFire    . . .     SeeInvis +   a - +2 dagger
rCold    . . .     Gourm    .   (shield restricted)
rNeg     . . .     Faith    .   m - +0 robe
rPois    .         Spirit   .   (helmet restricted)
rElec    .         Reflect  .   d - +0 cloak
rCorr    .         Harm     .   (gloves unavailable)
MR       .....                  (boots unavailable)
Stlth    ++++......             (no amulet)
HPRegen  0.07/turn              (no ring)
MPRegen  0.09/turn              (no ring)

@: lethally poisoned (0 -> -7), very quick
A: very small, unfitting armour, see invisible, herbivore, speed 3, slow
metabolism 2
a: Renounce Religion


You were in a sewer.
You worshipped Wu Jian.
Wu Jian was noncommittal.
You were not hungry.

You visited 1 branch of the dungeon, and saw 3 of its levels.
You also visited: Sewer.

You collected 71 gold pieces.

Inventory:

Hand Weapons
 a - a +2 dagger (weapon)
 b - a +0 blowgun
 q - a +0 blowgun
 t - a +0 dagger
 v - a +0 hunting sling
Missiles
 e - 41 poisoned needles
 f - 2 curare-tipped needles
Armour
 d - a +0 cloak (worn)
 m - a +0 robe (worn)
Jewellery
 j - an uncursed ring of protection from fire {unknown}
 s - a cursed ring of teleportation {unknown}
Scrolls
 k - a scroll of immolation {unknown}
 l - 3 scrolls of teleportation
 n - 3 scrolls of identify {unknown}
 r - a scroll of random uselessness
Potions
 c - a potion of curing {unknown}
 h - 2 potions of heal wounds {unknown}
 i - 2 potions of magic {unknown}
 o - a potion of flight {unknown}
 u - a potion of might {unknown}
Comestibles
 g - 5 rations
 p - 12 chunks of flesh


   Skills:
 + Level 1.8 Fighting
 + Level 3.5 Short Blades
 + Level 2.1 Throwing
 + Level 2.3 Dodging
 + Level 7.8 Stealth


You had 3 spell levels left.
You didn't know any spells.

Dungeon Overview and Level Annotations

Branches:
Dungeon (3/15)

Altars:
Cheibriados
Elyvilon
Sif Muna
Wu Jian


Innate Abilities, Weirdness & Mutations

You are very small and have problems with some larger weapons.
You are too small for most types of armour.
You have supernaturally acute eyesight. (SInv)
You are a herbivore.
You cover ground extremely quickly.
You need consume almost no food.


Message History

The adder is almost dead.
The adder closely misses you.
You miss the adder.
The adder is almost dead.
The adder barely misses you.
You closely miss the adder.
The adder is almost dead.
The adder bites you.
* * * LOW HITPOINT WARNING * * *
You are lethally poisoned!
The adder poisons you!
You miss the adder.
The adder is almost dead.
* * * LOW HITPOINT WARNING * * *
You feel sick. The adder bites you.
* * * LOW HITPOINT WARNING * * *
You hit the adder.
The adder is almost dead.
The adder bites you.
You die...

#.≈≈.∩∩..).P##
#...≈≈...P###
#≈..#######
#...≈≈≈≈≈≈≈
#...#######
#≈≈≈≈≈.#
##≈.≈≈.###
##≈.≈.≈.####
#.@..≈.≈≈≈.#
#≈S†≈#≈#≈≈..
#P.≈≈.#≈# ≈ ≈
#P.≈≈≈# #
#..P.≈#
##.PP≈# #.####
#.


You could see an adder.

Vanquished Creatures
  A worker ant (D:3)
  3 adders
  2 worms (D:2)
  2 dart slugs (D:1)
  4 leopard geckos
  3 orcs (D:3)
  3 bats
  8 giant cockroaches
  5 goblins
  2 hobgoblins
  5 jackals
  3 kobolds
  2 ball pythons
  3 frilled lizards
  3 rats (D:3)
49 creatures vanquished.

Notes
Turn   | Place    | Note
-------+----------+-------------------------------------------
     0 | D:1      | Santangelo the Spriggan Assassin began the quest for the Orb.
     0 | D:1      | Reached XP level 1. HP: 10/10 MP: 2/2
    84 | D:1      | Reached skill level 6 in Stealth
   302 | D:1      | Reached XP level 2. HP: 8/14 MP: 3/3
  1074 | D:2      | Found a snail-covered altar of Cheibriados.
  1185 | D:2      | Reached XP level 3. HP: 17/18 MP: 4/4
  1207 | D:2      | Found a white marble altar of Elyvilon.
  1215 | D:2      | Reached skill level 7 in Stealth
  1342 | D:2      | Found a deep blue altar of Sif Muna.
  1505 | D:2      | Found an ornate altar of the Wu Jian Council.
  1512 | D:2      | Became a worshipper of the Wu Jian Council
  2028 | D:3      | Reached XP level 4. HP: 23/23 MP: 5/5
  2366 | D:3      | Found a glowing drain.
  2374 | Sewer    | Entered a sewer
  2492 | Sewer    | Slain by an adder

Skill      XL: |  1  2  3 |
---------------+----------+-----
Stealth        | 6 7 |  7.8
Short Blades   | 3 |  3.5
Dodging        | 2 |  2.3
Fighting       | |  1.8
Throwing       | |  2.1

Action                   |  1- 3 |  4- 6 || total
-------------------------+-------+-------++-------
Melee: Dagger            |   127 |   100 ||   227
Invok: Lunge             |     2 |     5 ||     7
  Use: Scroll            |     3 |       ||     3
 Stab: Sleeping          |     9 |     2 ||    11
       Distracted        |     1 |       ||     1
Armor: Robe              |    22 |     8 ||    30
Dodge: Dodged            |    80 |    60 ||   140
